Map: Abyssal Reef LE

Players

Jig

  • Race: Zerg Zerg
  • Spawn Location: 11:00

Probe - Winner!

  • Race: Protoss Protoss
  • Spawn Location: 5:00

Event: WCS Montreal 2017

VOD

Have the link to the VOD?

Description

Time

  • Played on: Sept. 8, 2017, 5:57 p.m.
  • Length: 10:07

All games in this series

Show
View Real Time Build Order
Export as new Build Order

Jig Zerg 

Build Orders: Hatch First 

Get SALT Encoding   

  12  0:00  Drone  
  13  0:12  Overlord  
  13  0:17  Drone  
  14  0:30  Drone x2  
  14  0:34  Drone  
  17  0:52  Hatchery  
  17  0:55  Drone  
  17  0:58  Drone  
  18  1:09  Extractor  
  17  1:13  Spawning Pool  
  17  1:17  Drone  
  17  1:20  Drone  
  18  1:28  Drone  
  19  1:39  Overlord  
  19  2:00  Queen, Zergling x4  
  23  2:03  Queen, Drone  
  26  2:10  Metabolic Boost  
  26  2:11  Drone  
  26  2:14  Drone  
  29  2:22  Drone  
  29  2:26  Drone  
  30  2:37  Hatchery  
  30  2:42  Drone x2  
  31  2:47  Drone x2  
  33  2:54  Overlord  
  33  3:01  Overlord  
  33  3:14  Drone x2  
  33  3:15  Drone  
  35  3:20  Drone x2  
  35  3:23  Drone x4  
  40  3:30  Spore Crawler, Overlord  
  39  3:36  Zergling x2  
  39  3:37  Queen  
  42  3:45  Zergling x4  
  42  3:46  Overlord  
  44  3:48  Zergling x2  
  44  3:49  Zergling x8  
  44  3:53  Zergling x2  
  44  3:54  Zergling x2  
  51  4:02  Evolution Chamber x2  
  50  4:04  Drone x3  
  52  4:10  Drone  
  52  4:11  Drone  
  52  4:14  Drone  
  52  4:16  Drone x3  
  58  4:17  Spore Crawler  
  58  4:18  Drone x2  
  58  4:21  Drone x2  
  61  4:24  Overlord  
  61  4:35  Lair  
  61  4:36  Queen  
  61  4:38  Queen  
  63  4:48  Zergling x8  
  63  4:50  Drone x3  
  63  4:51  Drone x2  
  72  4:54  Overlord  
  72  5:00  Drone x2  
  72  5:03  Overlord  
  72  5:06  Overlord  
  72  5:07  Extractor  
  73  5:08  Extractor  
  72  5:18  Roach Warren  
  72  5:19  Drone x8  
  79  5:25  Zerg Ground Armor Level 1  
  79  5:27  Drone x2  
  81  5:31  Zerg Melee Weapons Level 1  
  81  5:36  Overlord  
  81  5:40  Overseer  
  81  5:44  Extractor, Drone x7  
  81  5:49  Extractor  
  86  5:52  Hatchery  
  85  6:08  Roach x3  
  85  6:09  Roach x3  
  97  6:21  Overlord  
  97  6:22  Roach x4  
  105  6:35  Roach x2  
  105  6:36  Roach x2  
  105  6:37  Overlord  
  102  6:40  Overseer  
  97  6:56  Drone x8  
  97  6:58  Drone x2  
  104  7:02  Overlord  
  104  7:04  Drone  
  104  7:05  Queen, Drone  
  104  7:07  Overlord  
  108  7:08  Extractor  
  108  7:09  Hatchery, Glial Reconstitution  
  108  7:14  Baneling Nest  
  103  7:17  Drone x3  
  103  7:18  Drone  
  103  7:19  Drone  
  108  7:24  Queen  
  108  7:27  Drone  
  108  7:28  Overlord  
  108  7:29  Drone x2  
  113  7:38  Zerg Ground Armor Level 2, Zerg Melee Weapons Level 2  
  113  7:44  Spore Crawler, Overseer  
  113  7:46  Drone x3  
  114  7:58  Zergling x10  
  114  7:59  Zergling x10  
  114  8:03  Queen  
  119  8:17  Zergling x2  
  119  8:18  Zergling x20  
  129  8:20  Pneumatized Carapace  
  127  8:34  Zergling x8  
  127  8:35  Zergling x14  
  127  8:40  Drone x3  
  141  8:46  Drone x3  
  141  8:47  Drone x2  
  145  8:49  Infestation Pit  
  145  8:53  Spore Crawler, Overlord  
  143  9:00  Overlord  
  143  9:01  Extractor x2  
  141  9:05  Baneling x3  
  141  9:07  Overlord  
  141  9:13  Zergling x18  
  150  9:20  Overlord  
  148  9:24  Spire  
  148  9:26  Roach x9  
  148  9:28  Baneling x15  
  154  9:35  Zergling x14  
Show
View Real Time Build Order
Export as new Build Order

Probe Protoss - Winner!

Build Orders: 1 Gate Expand, Zealot Archon, Archon Drop 

Get SALT Encoding   

  12  0:01  Probe (Chrono Boost)  
  13  0:11  Probe (Chrono Boost)  
  14  0:17  Pylon  
  14  0:22  Probe (Chrono Boost)  
  16  0:35  Probe (Chrono Boost)  
  16  0:36  Gateway  
  16  0:46  Probe (Chrono Boost)  
  16  0:48  Assimilator  
  18  0:57  Probe (Chrono Boost)  
  18  1:07  Probe (Chrono Boost)  
  19  1:20  Nexus  
  19  1:25  Probe (Chrono Boost)  
  20  1:33  Cybernetics Core  
  20  1:36  Probe (Chrono Boost)  
  21  1:40  Assimilator  
  21  1:47  Probe (Chrono Boost)  
  22  1:51  Pylon  
  22  1:57  Probe (Chrono Boost)  
  23  2:09  Probe (Chrono Boost)  
  23  2:10  Stalker (Chrono Boost), Warp Gate  
  26  2:21  Probe  
  27  2:31  Mothership Core (Chrono Boost)  
  27  2:33  Probe (Chrono Boost)  
  27  2:36  Adept (Chrono Boost)  
  32  2:44  Probe (Chrono Boost)  
  34  2:51  Probe (Chrono Boost)  
  34  2:52  Twilight Council  
  34  2:55  Probe (Chrono Boost)  
  35  3:01  Probe (Chrono Boost)  
  36  3:06  Probe (Chrono Boost)  
  37  3:15  Probe (Chrono Boost)  
  37  3:21  Robotics Facility  
  37  3:24  Probe (Chrono Boost)  
  37  3:25  Charge (Chrono Boost), Gateway  
  38  3:27  Probe (Chrono Boost), Gateway  
  39  3:34  Probe  
  39  3:39  Pylon  
  39  3:40  Probe  
  40  3:47  Probe  
  42  3:50  Probe  
  42  3:53  Gateway  
  43  3:56  Pylon  
  43  3:59  Probe  
  43  4:01  Probe  
  45  4:10  Warp Prism (Chrono Boost)  
  45  4:11  Probe  
  45  4:13  Probe  
  49  4:18  Assimilator  
  49  4:20  Assimilator  
  49  4:23  Probe  
  50  4:25  Probe  
  50  4:30  Templar Archives  
  51  4:35  Probe  
  51  4:37  Probe  
  53  4:40  Pylon  
  53  4:42  Warp Prism (Chrono Boost)  
  53  4:45  Pylon  
  55  4:58  Zealot x4  
  63  5:11  Pylon  
  63  5:13  Nexus  
  63  5:24  High Templar x4  
  63  5:28  Archon x2  
  71  5:30  Probe  
  71  5:31  Pylon  
  72  5:36  Pylon  
  72  5:40  Gateway  
  72  5:41  Gateway  
  72  5:43  Probe, Gateway  
  72  5:48  Probe  
  74  5:59  Probe  
  74  6:03  Probe  
  76  6:12  Sentry x3  
  76  6:14  Immortal (Chrono Boost)  
  76  6:16  Probe x2  
  88  6:21  Forge  
  88  6:22  Pylon  
  88  6:25  Pylon  
  88  6:28  Probe x2  
  88  6:41  Probe  
  88  6:42  Probe x2, Zealot x4  
  91  6:47  Immortal (Chrono Boost)  
  91  6:54  Probe x2  
  97  6:57  Probe  
  98  7:06  Probe x2, Blink  
  100  7:09  Probe, Zealot  
  100  7:10  Assimilator, Zealot x2  
  100  7:11  Assimilator  
  107  7:18  Probe x2  
  107  7:19  Sentry  
  107  7:20  Sentry x2  
  107  7:21  Observer  
  115  7:25  Probe  
  115  7:29  Protoss Ground Weapons Level 1 (Chrono Boost)  
  117  7:30  Probe  
  117  7:31  Probe  
  119  7:38  Probe, Robotics Facility  
  119  7:41  Robotics Bay  
  119  7:44  Probe x2  
  122  7:47  Pylon  
  122  7:48  Pylon  
  122  7:50  Pylon  
  122  7:54  Immortal  
  122  7:57  Probe x2  
  124  8:01  Sentry x2  
  132  8:07  Probe  
  129  8:18  Stalker  
  129  8:19  Stalker x4  
  135  8:27  Nexus  
  135  8:29  Pylon  
  135  8:31  Pylon  
  135  8:32  Disruptor (Chrono Boost)  
  135  8:36  Disruptor (Chrono Boost)  
  141  8:55  Stalker  
  141  8:56  Stalker x6  
  155  9:07  Disruptor (Chrono Boost)  
  158  9:19  Zealot x2  
  158  9:20  Zealot x4  
  158  9:21  Zealot  
  172  9:31  Probe  
  175  9:40  Zealot x2  
  175  9:41  Zealot  
  176  9:52  Stalker x4  
  168  10:07  Stalker x3  
Tags
 
Add a new tag
Caveats
  • Supply blocks, unpowered buildings, or Contaminate may cause inaccurate times.
  • Supply counts are checked every 10 seconds.